 Dungeon Crawl Stone Soup version 0.31-a0-4-gefa6de2278 (webtiles) character file.

Game seed: 16564027385099928300

64697 qeuew the Tortoise (level 14, -3/130 HPs)
             Began as a Minotaur Fighter on May 4, 2023.
             Was a Believer of Ashenzari.
             Slain by a jorogumo (16 damage)
             ... on level 2 of the Spider Nest.
             The game lasted 00:23:32 (13636 turns).

qeuew the Tortoise (Minotaur Fighter)              Turns: 13636, Time: 00:23:33

Health: -3/130     AC: 43    Str: 27    XL:     14   Next: 72%
Magic:  11/11      EV:  6    Int:  6    God:    Ashenzari [**....]
Gold:   795        SH:  0    Dex: 16    Spells: 13/13 levels left

rFire   . . .        C - +5 broad axe (flame)
rCold   x . .        j - +0 kite shield
rNeg    + + +        G - +12 crystal plate armour of Supernal Gnosis {Contam Harm rN+++ Int-2, Self, Melee} (curse)
rPois   +            h - +2 hat of the Fated Omen {Stlth+, Fort, Range} (curse)
rElec   .            c - +2 cloak "I Foresaw This" {rPois, Fort, Melee} (curse)
rCorr   .            (no gloves)
SInv    +            (no boots)
Will    +....        o - amulet of regeneration Stlth
                     e - ring "Bound With Me" {Str+6, Melee, Evo} (curse)
HPRegen 1.21/turn    g - ring of positive energy
MPRegen 0.12/turn

%: harm (+30% outgoing, +20% incoming), clarity
@: held, unable to drink
A: horns 2, retaliatory headbutt, agile 1, clarity, clever 1, low MP 1, cold
vulnerability 1, inability to drink after injury 1
a: Renounce Religion, Curse Item, Shatter the Chains


You were on level 2 of the Spider Nest.
You worshipped Ashenzari.
Ashenzari was pleased with you.
You visited 3 branches of the dungeon, and saw 16 of its levels.
You also visited: Volcano.

You collected 1054 gold pieces.
You spent 259 gold pieces at shops.

Inventory:

Hand Weapons
 C - a +5 broad axe of flaming (weapon)
Missiles
 b - 3 throwing nets
Armour
 c - the cursed +2 cloak "I Foresaw This" (worn) {rPois, Fort, Melee}
   (You bought it in a shop on level 6 of the Dungeon)

   It has a curse which improves the following skills: Fortitude: Armour and
   Shields.
   Melee Combat: Short Blades, Long Blades, Axes, Maces & Flails, Polearms,
   Staves and Unarmed Combat.
 h - the cursed +2 hat of the Fated Omen (worn) {Stlth+, Fort, Range}
   (You took it off Gastronok on level 8 of the Dungeon)

   It has a curse which improves the following skills: Fortitude: Armour and
   Shields.
   Ranged Combat: Ranged Weapons and Throwing.
 j - a +0 kite shield (worn)
 G - the cursed +12 crystal plate armour of Supernal Gnosis (worn) {Contam Harm rN+++ Int-2, Self, Melee}
   (You found it on level 5 of the Lair of Beasts)

   Int:       It affects your intelligence (-2).
   rN:        It renders you almost immune to negative energy.
   Contam:    It causes magical contamination when unequipped.
   Harm:      It increases damage dealt and taken.
   It has a curse which improves the following skills: Introspection: Fighting
   and Spellcasting.
   Melee Combat: Short Blades, Long Blades, Axes, Maces & Flails, Polearms,
   Staves and Unarmed Combat.
Jewellery
 e - the cursed ring "Bound With Me" (left hand) {Str+6, Melee, Evo}
   (You found it on level 1 of the Dungeon)

   [ring of strength]

   Str:       It affects your strength (+6).
   It has a curse which improves the following skills: Melee Combat: Short
   Blades, Long Blades, Axes, Maces & Flails, Polearms, Staves and Unarmed
   Combat.
   Evocations: Evocations.
 f - an amulet of magic regeneration
 g - a ring of positive energy (right hand)
 o - an amulet of regeneration (around neck)
Wands
 k - a wand of quicksilver (10)
 n - a wand of polymorph (5)
 B - a wand of roots (16) (quivered)
 D - a wand of charming (10)
Scrolls
 q - 7 scrolls of identify
 t - 5 scrolls of fear
 v - 2 scrolls of magic mapping
 w - 3 scrolls of poison
 y - a scroll of summoning
 E - 4 scrolls of teleportation
Potions
 a - a potion of invisibility
 d - 3 potions of might
 i - 4 potions of haste
 l - a potion of heal wounds
 m - 8 potions of curing
 p - a potion of resistance
 u - 3 potions of cancellation
 A - 2 potions of berserk rage
 F - a potion of ambrosia
Miscellaneous
 x - a box of beasts


   Skills:
 + Level 12.7(13.8) Fighting
 + Level 12.3(14.6) Axes
 * Level 17.1(18.7) Armour
 + Level 11.1 Dodging
 + Level 12.6(14.2) Shields
 + Level 9.1(10.2) Evocations


You had 13 spell levels left.
You didn't know any spells.
Your spell library contained the following spells:

 Spells                   Type           Power      Damage    Failure   Level
 Apportation              Tloc           0%         N/A       100%        1
 Magic Dart               Conj           0%         1d3       100%        1
 Necrotise                Necr           0%         1d4       100%        1
 Sandblast                Erth           0%         2d4       100%        1
 Summon Small Mammal      Summ           0%         N/A       100%        1
 Passwall                 Tmut/Erth      0%         N/A       100%        2
 Searing Ray              Conj           0%         2d4       100%        2
 Call Canine Familiar     Summ           0%         N/A       100%        3
 Dazzling Flash           Conj/Hex       0%         N/A       100%        3
 Gell's Gravitas          Tloc           0%         N/A       100%        3
 Ozocubu's Armour         Ice            0%         N/A       100%        3
 Portal Projectile        Hex/Tloc       0%         N/A       100%        3
 Stone Arrow              Conj/Erth      0%         3d7       100%        3
 Teleport Other           Tloc           0%         N/A       100%        3
 Cause Fear               Hex            0%         N/A       100%        4
 Fulminant Prism          Conj/Hex       0%         3d5       100%        4
 Leda's Liquefaction      Hex/Erth       0%         N/A       100%        4
 Olgreb's Toxic Radiance  Pois           0%         N/A       100%        4
 Agony                    Necr           0%         N/A       100%        5
 Metabolic Englaciation   Hex/Ice        0%         N/A       100%        5
 Silence                  Hex/Air        0%         N/A       100%        5
 Conjure Ball Lightning   Conj/Air       0%         3x3d6     100%        6
 Dispersal                Tloc           0%         N/A       100%        6
 Simulacrum               Ice/Necr       0%         N/A       100%        6
 Dragon Form              Tmut           0%         N/A       100%        7
 Discord                  Hex            0%         N/A       100%        8
 Disjunction              Tloc           0%         N/A       100%        8
 Ignition                 Fire           0%         3d3       100%        8
 Dragon's Call            Summ           0%         N/A       100%        9


Dungeon Overview and Level Annotations

Branches:
Dungeon (9/15)             Temple (0/1) D:4            Lair (5/5) D:9
 Shoals (0/4) Lair:3       Spider (2/4) Lair:3        Slime (0/5) Lair:4
Volcano (visited)
    Orc: D:9-12

Altars:
Ashenzari
Cheibriados
Fedhas
Hepliaklqana
Kikubaaqudgha
Makhleb
Nemelex Xobeh
Okawaru
Trog
Uskayaw
Wu Jian
Xom
Yredelemnul
Zin
The Shining One
Jiyva

Shops:
D:6 *


Innate Abilities, Weirdness & Mutations

You have a pair of horns on your head.
You reflexively headbutt those who attack you in melee.
You are agile. (Dex +4, Str/Int -1)
You possess an exceptional clarity of mind.
Your mind is acute. (Int +4, Str/Dex -1)
Your magical capacity is low. (-10% MP)
You are vulnerable to cold. (rC-)
You occasionally lose the ability to drink potions when taking damage.


Message History

Lightning arcs from Nikola's hands!
The bolt of lightning hits you!!!
A bolt of lightning appears from out of thin air!
The bolt of lightning hits Nikola!
Nikola struggles to get unstuck from the web.
You hear a skittering sound.
You hear a faint skittering sound.
You hear a skittering sound.
The culicivora's many legs skitter faintly.
You slash Nikola! You burn Nikola. You headbutt Nikola!
Nikola is severely wounded.
Unknown command.
You catch the helpless Nikola completely off-guard!
You slash Nikola! You burn Nikola.
Nikola is severely wounded.
Nikola struggles to get unstuck from the web.
Unknown command.
You slash Nikola! You burn Nikola! You headbutt Nikola.
Nikola is almost dead.
Nikola struggles to get unstuck from the web.
Unknown command.
You barely miss Nikola. You headbutt Nikola.
Nikola is almost dead.
A wolf spider comes into view.
The jorogumo stares at you and mumbles some strange words.
The stream of webbing hits you but does no damage.
You are caught in a web!
Nikola gestures wildly while chanting.
Lightning arcs from Nikola's hands!
The bolt of lightning hits you!!!
You feel threatened and lose the ability to drink potions!
Ouch! That really hurt!
* * * LOW HITPOINT WARNING * * *
A bolt of lightning appears from out of thin air!
The bolt of lightning hits Nikola!
Nikola dies!
The bolt of lightning hits the jorogumo!!!
The bolt of lightning hits the culicivora!!!
The culicivora dies!
You hear a faint skittering sound.
You hear a chilling moan.
You struggle to detach yourself from the web.
The jorogumo hits you!
You die...

* * ### * * * ,
#######.## * , * *
#....##..###.##* *
#....#....##...# , , ,
##.###............## *
,, ,
##.##^............#.. ,
,,
#...@.#....#......### ,
, ,
#...^H##...##.......# ,
#.......#...###.#....#
,
#........#....###....<.
,
##.......#......#.....^
, ,
#.#.s...#......##.....
###.....#......##.....
, ......#.....##......
,.................


You could see a jorogumo and a wolf spider.

Vanquished Creatures
  Gastronok (D:8)
  Aizul (Spider:1)
  A dire elephant (Lair:5)
  An entropy weaver (Spider:1)
  Fannar (Lair:3)
  A merfolk avatar (Lair:5)
  4 hydras
  A radroach (Spider:1)
  A jorogumo (Spider:1)
  Erica (D:8)
  A two-headed ogre (D:9)
  2 boulder beetles
  A sun demon (Volcano)
  3 skysharks
  3 pharaoh ants
  A sea snake (Lair:5)
  4 orb spiders (Spider:1)
  2 steelbarb worms (Spider:1)
  A lindwurm (Lair:3)
  2 harpies (Lair:5)
  Pikel (D:8)
  6 wolf spiders
  A manticore (Lair:4)
  An orc sorcerer (Volcano)
  An ugly thing (Volcano)
  7 elephants
  A demonic crawler (Spider:1)
  A moth of wrath (Spider:1)
  A merfolk siren (Lair:3)
  6 black mambas
  Maggie (D:7)
  14 cane toads
  3 rime drakes
  13 komodo dragons
  2 red devils (Volcano)
  A queen bee (Lair:4)
  A wind drake (Lair:5)
  5 meliai (Lair:4)
  3 polar bears (Lair:3)
  8 tarantellas
  2 snapping turtles (Lair:5)
  14 blink frogs
  9 culicivoras (Spider:1)
  6 jumping spiders (Spider:1)
  Sigmund (D:6)
  2 shadows (D:9)
  9 wyverns
  6 fire bats (Volcano)
  4 basilisks
  Grum (D:8)
  18 redbacks
  16 yaks
  5 steam dragons
  15 water moccasins
  2 hell hounds (Volcano)
  A sky beast (D:7)
  5 black bears
  31 wolves
  3 centaurs
  A kobold brigand (D:8)
  6 bullfrogs
  A gnoll sergeant (D:9)
  7 scorpions
  10 wights
  26 killer bees (Lair:4)
  3 electric eels
  7 howler monkeys
  5 jellies
  6 lava snakes (Volcano)
  2 orc priests
  A gnoll bouda (D:8)
  6 iguanas
  A sleepcap (D:5)
  Ijyb (D:3)
  5 orc wizards
  22 gnolls
  3 adders
  3 shadow imps
  5 white imps
  3 worms
  2 dart slugs
  27 orcs
  9 ball pythons
  8 endoplasms
  6 giant cockroaches
  8 hobgoblins
  9 jackals
  6 quokkas
  3 bats
  5 frilled lizards
  4 goblins
  12 kobolds
  5 rats
488 creatures vanquished.

Vanquished Creatures (others)
  Nikola (Spider:2)
  A culicivora (Spider:2)
  5 killer bees (Lair:4)
  18 fungi
  45 plants
70 creatures vanquished.

Grand Total: 558 creatures vanquished

Notes
Turn   | Place    | Note
-------+----------+-------------------------------------------
     0 | D:1      | qeuew the Minotaur Fighter began the quest for the Orb.
     0 | D:1      | Reached XP level 1. HP: 19/19 MP: 0/0
    89 | D:1      | Reached XP level 2. HP: 23/27 MP: 1/1
   175 | D:1      | Reached skill level 4 in Armour
   331 | D:1      | Reached skill level 1 in Dodging
   523 | D:1      | Reached XP level 3. HP: 30/33 MP: 2/2
   742 | D:1      | Identified a scroll of acquirement
   742 | D:1      | Acquired the +5 chain mail of the Archfiend {rF+ Dex+3}
   816 | D:2      | Found a shimmering altar of Xom.
   821 | D:2      | Identified the +8 short sword "Ocooh" {heavy, Int+5 Dex+2
                  | Stlth+}
  1293 | D:2      | Found a faded altar of an unknown god.
  1732 | D:3      | Reached XP level 4. HP: 40/40 MP: 3/3
  1771 | D:3      | Noticed Ijyb
  1814 | D:3      | Killed Ijyb
  1836 | D:3      | Found a broken altar of Ashenzari.
  1863 | D:3      | Found a shimmering altar of Xom.
  2007 | D:3      | Became a worshipper of Ashenzari the Shackled
  2158 | D:3      | Reached XP level 5. HP: 41/47 MP: 4/4
  2195 | D:3      | Reached skill level 5 in Armour
  2417 | D:3      | Found a bloodstained altar of Trog.
  2512 | D:4      | Found a glowing silver altar of Zin.
  2514 | D:4      | Found a basalt altar of Yredelemnul.
  2806 | D:4      | Reached XP level 6. HP: 38/53 MP: 5/5
  2886 | D:4      | Found a staircase to the Ecumenical Temple.
  3070 | D:4      | Found a blossoming altar of Fedhas.
  3186 | D:4      | Found an ornate altar of the Wu Jian Council.
  3376 | D:4      | Found a burning altar of Makhleb.
  3435 | D:4      | Gained mutation: You possess an exceptional clarity of
                  | mind. [potion of mutation]
  3435 | D:4      | Gained mutation: Your magical capacity is low. (-10% MP)
                  | [potion of mutation]
  3435 | D:4      | Gained mutation: You are agile. (Dex +4, Str/Int -1)
                  | [potion of mutation]
  3435 | D:4      | Gained mutation: Your mind is acute. (Int +4, Str/Dex -1)
                  | [potion of mutation]
  3490 | D:5      | Entered Level 5 of the Dungeon
  3791 | D:5      | Reached skill level 6 in Armour
  3796 | D:5      | Reached skill level 5 in Fighting
  3859 | D:5      | Reached skill level 5 in Shields
  4066 | D:5      | Reached XP level 7. HP: 55/61 MP: 5/5
  4221 | D:6      | Reached skill level 1 in Evocations
  4254 | D:6      | Found Ulireali's General Store.
  4282 | D:6      | Bought a +2 cloak of poison resistance for 259 gold pieces
  4455 | D:6      | Reached skill level 7 in Armour
  4599 | D:6      | Noticed Sigmund
  4604 | D:6      | Killed Sigmund
  4605 | D:6      | Reached XP level 8. HP: 70/70 MP: 6/6
  4750 | D:7      | Reached skill level 5 in Axes
  4866 | D:7      | Reached skill level 8 in Armour
  4924 | D:7      | Noticed Maggie
  4939 | D:7      | Killed Maggie
  5051 | D:7      | Reached XP level 9. HP: 78/78 MP: 7/7
  5070 | D:7      | Found an ancient bone altar of Kikubaaqudgha.
  5284 | D:8      | Reached skill level 5 in Dodging
  5315 | D:8      | Noticed Gastronok
  5339 | D:8      | Killed Gastronok
  5340 | D:8      | Reached skill level 9 in Armour
  5387 | D:8      | Noticed Erica
  5396 | D:8      | Killed Erica
  5397 | D:8      | Reached skill level 10 in Armour
  5464 | D:8      | Reached XP level 10. HP: 65/81 MP: 8/8
  5546 | D:8      | Noticed a +0 falchion
  5546 | D:8      | Noticed a +0 dagger
  5546 | D:8      | Noticed a +0 short sword
  5547 | D:8      | Noticed a +0 dagger
  5547 | D:8      | Noticed a +0 falchion
  5547 | D:8      | Noticed a +0 spear
  5547 | D:8      | Noticed a +0 spear
  5548 | D:8      | Noticed a +0 short sword
  5550 | D:8      | Found a hide-covered altar of Uskayaw.
  5581 | D:8      | Noticed Pikel
  5600 | D:8      | Killed Pikel
  5614 | D:8      | Noticed Grum
  5637 | D:8      | Killed Grum
  5771 | D:8      | Found a hazy altar of Hepliaklqana.
  6094 | D:9      | Reached * piety under Ashenzari
  6139 | D:9      | Noticed a two-headed ogre
  6150 | D:9      | Killed a two-headed ogre
  6151 | D:9      | Reached skill level 11 in Armour
  6212 | D:9      | Found a sparkling altar of Nemelex Xobeh.
  6309 | D:9      | Found a staircase to the Lair.
  6323 | D:9      | Reached skill level 5 in Evocations
  6412 | D:9      | Found an iron altar of Okawaru.
  6473 | D:9      | Reached XP level 11. HP: 85/95 MP: 8/8
  6538 | D:9      | Found a glowing golden altar of the Shining One.
  6652 | D:9      | Found a snail-covered altar of Cheibriados.
  6797 | Lair:1   | Entered Level 1 of the Lair of Beasts
  6852 | Lair:1   | Noticed a boulder beetle
  6890 | Lair:1   | Killed a boulder beetle
  6891 | Lair:1   | Reached skill level 12 in Armour
  7554 | Lair:2   | Noticed a seven-headed hydra
  7567 | Lair:2   | Killed a 16-headed hydra
  7937 | Lair:2   | Reached skill level 13 in Armour
  8393 | Lair:3   | Found a dark tunnel.
  8402 | Volcano  | Entered a volcano
  8457 | Volcano  | Reached XP level 12. HP: 97/106 MP: 9/9
  8580 | Volcano  | Reached skill level 10 in Fighting
  8583 | Volcano  | Reached skill level 10 in Shields
  8640 | Volcano  | Found a radiant altar of Vehumet.
  8678 | Volcano  | Paralysed by an orc sorcerer for 2 turns
  8704 | Volcano  | Found a burning altar of Makhleb.
  8873 | Lair:3   | Found a hole to the Spider Nest.
  9011 | Lair:3   | Reached skill level 14 in Armour
  9045 | Lair:3   | Reached skill level 10 in Axes
  9120 | Lair:3   | Noticed Fannar
  9142 | Lair:3   | Killed Fannar
  9305 | Lair:3   | Noticed an eight-headed hydra
  9309 | Lair:3   | Killed an eight-headed hydra
  9916 | Lair:3   | Found a staircase to the Shoals.
 10176 | Lair:4   | Reached XP level 13. HP: 115/115 MP: 10/10
 10237 | Lair:4   | Found a viscous altar of Jiyva.
 10238 | Lair:4   | Found a staircase to the Slime Pits.
 10284 | Lair:4   | Reached ** piety under Ashenzari
 10477 | Lair:4   | Identified the +0 ring mail of Death's Door {Slay+3}
 10613 | Lair:4   | Identified the +5 scale mail of Happiness {rC+ Will- Dex+7}
 10672 | Lair:4   | Reached skill level 15 in Armour
 10823 | Lair:4   | Identified the +1 quarterstaff "Butocax" {holy, *Noise
                  | Str+2 Int+4}
 11373 | Lair:5   | Entered Level 5 of the Lair of Beasts
 11467 | Lair:5   | Reached skill level 10 in Dodging
 11893 | Lair:5   | Noticed a dire elephant
 11906 | Lair:5   | Killed a dire elephant
 11917 | Lair:5   | Reached skill level 16 in Armour
 11972 | Lair:5   | Identified the +12 crystal plate armour "Ekku" {Contam Harm
                  | rN+++ Int-2}
 12170 | Lair:5   | Reached XP level 14. HP: 125/125 MP: 11/11
 12570 | Spider:1 | Entered Level 1 of the Spider Nest
 12645 | Spider:1 | Acquired a +3 broad axe of flaming
 13003 | Spider:1 | Noticed Aizul
 13014 | Spider:1 | Killed Aizul
 13272 | Spider:1 | Reached skill level 17 in Armour
 13275 | Spider:1 | Gained mutation: You are vulnerable to cold. (rC-)
                  | [mutagenic glow]
 13289 | Spider:1 | Gained mutation: You occasionally lose the ability to drink
                  | potions when taking damage. [mutagenic glow]
 13619 | Spider:2 | Identified the +0 pair of gloves of Hubris {rC+ Str+3
                  | Int+2}
 13619 | Spider:2 | Noticed Nikola
 13635 | Spider:2 | Killed Nikola
 13636 | Spider:2 | Slain by a jorogumo

Illustrated notes

Levels and vault maps discovered:
D:1:      dpeg_arrival_arbitrary_a, layout_basic, minmay_pentomino_p4
D:2:      layout_basic, shapermc_ecumenical_altar_mp_highgroup, basic_altar
D:3:      layout_basic, trog_antimagical, xom_teletrap_fun,
          mainiacjoe_overflow_concentric_impassable, st_stairs_5,
          ebering_dispersal_statue_hall, minmay_misc_feat_more_columns,
          uniq_ijyb
D:4:      layout_cave_pods, overflow_temple_1_default, lightli_temple_of_fire,
          chequers_temple_overflow_statue_of_worship,
          minmay_temple_entry_statues_fountains
D:5:      layout_basic, grunt_decor_mini_mirrors
D:6:      layout_rooms, serial_shops, shop, kennysheep_big_empty_room,
          uniq_sigmund
D:7:      layout_rooms, old_standard_altar, kennysheep_generic_room_7,
          uniq_maggie
D:8:      layout_basic, nicolae_hepliaklqana_hippocampus,
          nicolae_uskayaw_en_pointe, uniq_pikel, uniq_erica, uniq_gastronok,
          uniq_grum
D:9:      layout_long_grid, cheibrodos_worm_habitat, lemuel_doored_altar,
          nemelex_spade_bored_becter, nicolae_tso_swordbearing_angel,
          lair_entry_dummy
Lair:1:   layout_loops_ring, st_stairs_4
Lair:2:   layout_concentric_octagons, lemuel_fruit_tree, grunt_megastairs_1
Lair:3:   cheibrodos_lair_river_kwai, layout_cave_pods,
          minmay_shoals_entry_lonely_mermaid, nicolae_spider_entry_non_spiders,
          nicolae_volcano_entry_lava_flow, st_stairs_10,
          gammafunk_lair_bear_cave, uniq_fannar
Lair:4:   regret_index_combs_of_tragedy, layout_regular_city,
          nicolae_slime_entry_slimehenge, lemuel_fruit_fields
Lair:5:   gammafunk_lair_ancient_temple, layout_gridlike
Spider:1: layout_spider_delve, uniq_aizul
Spider:2: layout_chambers, uniq_nikola

Skill      XL: |  1  2  3  4  5  6  7  8  9 10 11 12 13 14 |
---------------+-------------------------------------------+-----
Armour         | 4 5 6 7 8 10 11 13 14 16 17 | 17.1
Dodging        | 1 2 3 4 5 7 8 9 10 11 | 11.1
Shields        | 4 5 6 7 8 9 10 11 12 | 12.6
Fighting       | 4 5 6 7 8 9 10 11 12 | 12.7
Axes           | 3 4 5 6 8 9 10 11 12 | 12.3
Evocations     | 1 3 4 5 6 7 8 9 |  9.1

Action                     |  1- 3 |  4- 6 |  7- 9 | 10-12 | 13-15 || total
---------------------------+-------+-------+-------+-------+-------++-------
  Melee: War axe           |    89 |   128 |   157 |   656 |   518 ||  1548
         Headbutt          |    13 |    16 |    42 |   172 |   174 ||   417
         Broad axe         |       |       |       |       |   183 ||   183
 Invoke: Curse Item        |       |       |     1 |     1 |     3 ||     5
         Shatter the Chain |       |       |       |       |     1 ||     1
  Evoke: Wand              |       |       |       |    11 |     1 ||    12
    Use: Potion            |     4 |     2 |     5 |     1 |     2 ||    14
         Scroll            |     4 |     2 |     1 |     8 |     4 ||    19
   Stab: Held in net/web   |       |       |       |       |     2 ||     2
 Armour: Scale mail        |    19 |       |       |       |   164 ||   183
         Chain mail        |    26 |    88 |    86 |   346 |   108 ||   654
         Crystal plate arm |       |       |       |       |   226 ||   226
  Dodge: Dodged            |    56 |    64 |    60 |   388 |   378 ||   946
  Block: Buckler           |    33 |    37 |       |       |       ||    70
         Kite shield       |       |     6 |    79 |   541 |   559 ||  1185

Table legend: (Time is in decaauts)
 A = Elapsed time spent in this place.
 B = Non-inter-level travel time spent in this place.
 C = Inter-level travel time spent in this place.
 D = Time resting spent in this place.
 E = Time spent auto-exploring this place.
 F = Levels seen in this place.
 G = Mean time per level.
                   A        B        C        D        E       F      G
               +--------+--------+--------+--------+--------+-----+--------+
         Total |  13870 |  13350 |    520 |     91 |   9910 |  17 |  815.9 |
       Dungeon |   6992 |   6669 |    323 |     28 |   5227 |   9 |  776.9 |
          Lair |   5498 |   5340 |    158 |     63 |   3837 |   5 | 1099.6 |
   Spider Nest |   1053 |   1015 |     38 |      0 |    664 |   2 |  526.5 |
       Volcano |    326 |    326 |      0 |      0 |    182 |   1 |  326.0 |
               +--------+--------+--------+--------+--------+-----+--------+

Top non-repeatable levels by time:
  Lair:3: 1485 daAuts
  Lair:4: 1304 daAuts
  Lair:5: 1109 daAuts
     D:4: 1049 daAuts
  Lair:2: 916 daAuts
Spider:1: 912 daAuts
     D:2: 879 daAuts
     D:8: 861 daAuts
     D:1: 825 daAuts
     D:3: 798 daAuts
     D:9: 755 daAuts
     D:5: 708 daAuts
  Lair:1: 683 daAuts
     D:6: 563 daAuts
     D:7: 550 daAuts
